Match 25349508
Unlisted

Match 25349508
End
Panzergrenadier Squad
Selects Italian Infantry
Panzergrenadier Squad
Construct Light Support Kompanie
Selects Defensive Operations
MG34 Team
Fire Support Elements
Flakvierling Half-track
Pak 38 Mechanized Group
Selects Guastatori Squad
2.5-tonne Medical Truck
Selects Registered Artillery
Combat Half-tracks
le.IG 18 Support Gun Team
Falk Strife
Couch Tomato
Barbarossa
YangXYZ
Society is a Lie
Rhetorical
0
0

Comments sign in to comment!

No comments posted yet!